 Dungeon Crawl Stone Soup version 0.31-a0-236-g9a0961fb85 (webtiles) character file.

Game seed: 5441941662067252558

63 qw the Shooter (level 4, -2/26 HPs)
             Began as a Gargoyle Hexslinger on July 10, 2023.
             Slain by a goblin
             ... wielding a +1 dagger of venom
             ... led by Robin
              (3 damage)
             ... on level 2 of the Dungeon.
             The game lasted 00:00:31 (1210 turns).

qw the Shooter (Gargoyle Hexslinger)                Turns: 1210, Time: 00:00:31

Health: -2/26      AC:  6    Str: 11    XL:     4   Next: 10%
Magic:  5/5        EV: 12    Int: 14    God:
Gold:   80         SH:  0    Dex: 14    Spells: 4/5 levels left

rFire   . . .        Y - +1 sling (drain)
rCold   . . .        (no shield)
rNeg    + . .        c - +0 robe
rPois   inf          (no helmet)
rElec   +            (no cloak)
rCorr   .            (no gloves)
SInv    .            e - +0 pair of boots
Will    .....        (no amulet)
Stlth   +            (no ring)
HPRegen 0.24/turn    (no ring)
MPRegen 0.09/turn

%: no passive effects
@: no status effects
A: sickness immunity, AC +3, negative energy resistance 1, electricity
resistance, torment resistance 1, petrification resistance
a: no special abilities


You were on level 2 of the Dungeon.
You visited 1 branch of the dungeon, and saw 2 of its levels.

You collected 80 gold pieces.


Innate Abilities, Weirdness & Mutations

You are immune to sickness and miasma.
Your stone body is resilient. (AC +3)
You are immune to poison.
You resist negative energy. (rN+)
You are resistant to electric shocks. (rElec)
You are resistant to unholy torment.
You are immune to petrification.


   Skills:
 - Level 2.0 Fighting
 + Level 3.9 Ranged Weapons
 - Level 1.5 Dodging
 - Level 1.0 Spellcasting
 - Level 2.6 Hexes


You had 4 spell levels left.
You knew the following spells:

 Your Spells              Type           Power      Damage    Failure   Level
a - Slow                  Hex            32%        N/A       9%          1

Your spell library contained the following spells:

 Spells                   Type           Power      Damage    Failure   Level
 Inner Flame              Hex/Fire       4%         N/A       41%         3
 Portal Projectile        Hex/Tloc       8%         N/A       41%         3
 Cause Fear               Hex            4%         N/A       65%         4

Inventory:

Hand Weapons
 Y - a +1 sling of draining (weapon)
Armour
 b - a +0 cloak
 c - a +0 robe (worn)
 e - a +0 pair of boots (worn)
Scrolls
 a - 3 scrolls of identify

Dungeon Overview and Level Annotations

Branches:
Dungeon (2/15)

Altars:

Shops:
D:1 =

Annotations:
D:2 Robin


Message History

The sling bullet hits the goblin.
You kill the goblin!
The goblin hits you but does no damage. The goblin barely misses you.
The goblin hits you but does no damage.
The goblin hits you with a +1 dagger of venom.
The goblin closely misses you. The goblin hits you but does no damage.
The goblin closely misses you. The goblin barely misses you.
You shoot a sling bullet.
The sling bullet barely misses the goblin. x2
The sling bullet hits Robin.
Robin is lightly wounded.
The goblin hits you with a +0 dagger. The goblin closely misses you.
The goblin barely misses you.
The goblin hits you with a +1 dagger of venom.
You shoot a sling bullet. The sling bullet hits the goblin.
You kill the goblin!
The goblin barely misses you. The goblin hits you but does no damage.
Robin throws the goblin at you!
You shoot a sling bullet. The sling bullet hits the goblin.
You drain the goblin.
You kill the goblin!
The goblin hits you with a +0 dagger. The goblin misses you. x2
The goblin barely misses you.
You shoot a sling bullet. The sling bullet hits the goblin!
You kill the goblin!
The goblin hits you but does no damage. The goblin hits you with a +0 dagger.
The goblin hits you but does no damage.
You shoot a sling bullet. The sling bullet hits Robin.
Robin is lightly wounded.
The goblin hits you with a +0 dagger. The goblin barely misses you.
Robin closely misses you. The goblin closely misses you. The goblin misses you.
Robin throws the goblin at you! The goblin barely misses you.
The goblin hits you with a +1 dagger of venom.
You shoot a sling bullet.
The sling bullet hits Robin but does no damage.
Robin is lightly wounded.
The hobgoblin hits you. The goblin barely misses you.
The goblin hits you but does no damage. Robin hits you with a +0 club.
The goblin hits you with a +1 dagger of venom.
You die...

#........# .......
#........# .......
#........# .......
###........#
.......##..........#
...!...#..#........#
.."$...#.##........#
..)...g#g##........#
...))gg@)##........#
......gg###........#
........# ######....
######.## ... .. ...
.... #....


You could see Robin, a hobgoblin (strong) and 4 goblins.

Vanquished Creatures
  2 adders (D:2)
  3 dart slugs (D:1)
  An endoplasm (D:2)
  A giant cockroach (D:1)
  11 goblins
  4 hobgoblins
  2 ball pythons (D:1)
  3 bats (D:1)
  4 frilled lizards (D:1)
  3 kobolds (D:1)
  5 rats (D:1)
39 creatures vanquished.

Notes
Turn   | Place    | Note
-------+----------+-------------------------------------------
     0 | D:1      | qw the Gargoyle Hexslinger began the quest for the Orb.
     0 | D:1      | Reached XP level 1. HP: 12/12 MP: 2/2
     0 | D:1      | 0 ||| qw: Version: 0.3-a-52-g30416fa
     0 | D:1      | 0 ||| qw: Game counter: 4560
     0 | D:1      | 0 ||| qw: Melee chars always use a shield: true
     0 | D:1      | 0 ||| qw: God list: Okawaru
     0 | D:1      | 0 ||| qw: Allow faded altars: false
     0 | D:1      | 0 ||| qw: Do Orc after clearing Dungeon:15 true
     0 | D:1      | 0 ||| qw: Do second Lair branch before Depths: true
     0 | D:1      | 0 ||| qw: Lair rune preference: random
     0 | D:1      | 0 ||| qw: Goals: Normal
     0 | D:1      | 0 ||| PLANNING D:1-11
   112 | D:1      | Reached XP level 2. HP: 16/16 MP: 3/3
   212 | D:1      | Reached skill level 3 in Ranged Weapons
   321 | D:1      | Found Venahyi's One-of-a-Kind Rings.
   328 | D:1      | 328 ||| SHOPLISTING +3 ring of protection (210 gold, have
                  | 33).
   328 | D:1      | 328 ||| SHOPLISTING +7 ring of slaying (1726 gold, have
                  | 33).
   328 | D:1      | 328 ||| SHOPLISTING +9 ring of dexterity (780 gold, have
                  | 33).
   328 | D:1      | 328 ||| SHOPLISTING +9 ring of evasion (1035 gold, have
                  | 33).
   328 | D:1      | 328 ||| SHOPLISTING +9 ring of strength (780 gold, have
                  | 33).
   328 | D:1      | 328 ||| SHOPLISTING ring "Eruholen" {Fly rC+++ Str-5 SInv
                  | Stlth-} (518 gold, have 33).
   328 | D:1      | 328 ||| SHOPLISTING ring "Ylun" {Wiz rCorr} (426 gold, have
                  | 33).
   353 | D:1      | Reached XP level 3. HP: 21/21 MP: 4/4
   657 | D:1      | Found a faded altar of an unknown god.
   934 | D:1      | 934 ||| UPGRADING to +0 pair of boots.
   939 | D:1      | 939 ||| READING 2 scrolls labelled YBRAVENUIC.
   940 | D:1      | 940 ||| READING scroll labelled NUAWAA QEIPNU.
   941 | D:1      | 941 ||| READING 2 scrolls labelled ZATUS OHUC.
   942 | D:1      | 942 ||| READING scroll labelled ILEGIDERUT.
   943 | D:1      | 943 ||| DROPPING scroll of poison.
   944 | D:1      | 944 ||| DROPPING scroll of amnesia.
  1106 | D:2      | Reached XP level 4. HP: 26/26 MP: 5/5
  1199 | D:2      | Noticed Robin
  1210 | D:2      | HP: 2/26 [hobgoblin[Robin] (6)]
  1210 | D:2      | Slain by a goblin

Levels and vault maps discovered:
D:1:      minmay_arrival_nine_rooms, layout_basic,
          shapermc_ecumenical_altar_petra, st_stairs_5,
          nicolae_shop_unique_rings, dk_noncrumbling_2, serial_bayou_lagoon_a,
          minmay_misc_feat_roman, serial_bayou_pond_e
D:2:      layout_basic, uniq_jessica, uniq_robin

Skill      XL: |  1  2  3 |
---------------+----------+-----
Ranged Weapons | 3 |  3.9
Fighting       | 2 |  2.0
Dodging        | |  1.5
Spellcasting   | |  1.0
Hexes          | |  2.6

Action                     |  1- 3 |  4- 6 || total
---------------------------+-------+-------++-------
   Fire: Sling             |   114 |    15 ||   129
    Use: Scroll            |     4 |       ||     4
 Armour: Robe              |    27 |     8 ||    35
  Dodge: Dodged            |    42 |    16 ||    58

Table legend:
 A = Non-vault XP
 B = Vault XP
 C = Vault XP percentage of total XP
 D = Non-vault monster count
 E = Vault monster count
 F = Vault count percentage of total count
                 A         B        C        D         E       F
            +---------+---------+-------+---------+---------+-------
      Total |      78 |      13 |  14.3 |      30 |       9 |  23.1
            +---------+---------+-------+---------+---------+-------
        D:1 |      47 |       4 |   7.8 |      26 |       3 |  10.3
        D:2 |      31 |       9 |  22.5 |       4 |       6 |  60.0
            +---------+---------+-------+---------+---------+-------
